 Dungeon Sprint DCSS version 0.21-a0-216-g6d3fd91 (webtiles) character file.

204 Kidiri the Thaumaturge (level 5, -4/29 HPs)
             Began as a Deep Elf Fire Elementalist on Aug 23, 2017.
             Was an Initiate of Vehumet.
             Killed from afar by a battlesphere (10 damage)
             ... created by a deep elf mage
             ... in the Dungeon (Sprint III: "The Ten Rune Challenge").
             The game lasted 00:02:26 (487 turns).

Kidiri the Thaumaturge (Deep Elf Fire Elementalist)  Turns: 487, Time: 00:02:27

Health: -4/29      AC:  4    Str:  5    XL:     5   Next: 52%
Magic:  16/20      EV: 13    Int: 21    God:    Vehumet [......]
Gold:   20         SH:  0    Dex: 17    Spells: 4/25 levels left

rFire    . . .     SeeInvis .   r - +0 dagger
rCold    . . .     Gourm    .   (no shield)
rNeg     . . .     Faith    .   a - +0 robe
rPois    .         Spirit   .   (helmet restricted)
rElec    .         Reflect  .   (no cloak)
rCorr    .         Harm     .   (no gloves)
MR       .....     NoTele   +   (no boots)
Stlth    ++........             (no amulet)
HPRegen  0.09/turn              (no ring)
MPRegen  0.17/turn              (no ring)

@: no status effects
A: horns 1, yellow scales 1, agile 1
a: Renounce Religion


You were in the Dungeon.
You worshipped Vehumet.
Vehumet was noncommittal.
You were not hungry.

You visited 1 branch You collected 20 gold pieces.

Inventory:

Hand Weapons
 r - a +0 dagger (weapon)
Armour
 a - a +0 robe (worn)
Scrolls
 i - a scroll of blinking
 l - a scroll of torment
 n - 3 scrolls of remove curse
 p - a scroll of holy word
Potions
 d - a potion of curing
 e - a potion of heal wounds
 f - a potion of haste
 g - 2 potions of magic
 h - a potion of berserk rage
 o - 3 potions of flight
Books
 b - a book of Flames

   Spells                             Type                      Level
   a - Flame Tongue                   Conjuration/Fire             1
   b - Throw Flame                    Conjuration/Fire             2
   c - Conjure Flame                  Conjuration/Fire             3
   d - Inner Flame                    Hexes/Fire                   3
   e - Sticky Flame                   Conjuration/Fire             4
   f - Fireball                       Conjuration/Fire             5
 j - a book of Minor Magic

   Spells                             Type                      Level
   a - Magic Dart                     Conjuration                  1
   b - Blink                          Translocation                2
   c - Call Imp                       Summoning                    2
   d - Slow                           Hexes                        2
   e - Conjure Flame                  Conjuration/Fire             3
   f - Mephitic Cloud                 Conjuration/Poison/Air       3
Comestibles
 c - 2 bread rations
 m - 4 chunks of flesh
 q - a meat ration


   Skills:
 + Level 1.0 Fighting
 + Level 1.2 Short Blades
 + Level 1.0 Armour
 + Level 3.1 Dodging
 - Level 2.4 Stealth
 * Level 10.6 Spellcasting
 + Level 5.9 Conjurations
 + Level 6.8 Fire Magic
 + Level 0.0 Air Magic
 + Level 0.0 Poison Magic


You had 4 spell levels left.
You knew the following spells:

 Your Spells              Type           Power        Failure   Level  Hunger
a - Flame Tongue          Conj/Fire      #####        1%          1    None
b - Throw Flame           Conj/Fire      #####.       1%          2    None
c - Conjure Flame         Conj/Fire      #####...     1%          3    None
d - Inner Flame           Hex/Fire       ####....     4%          3    None
e - Sticky Flame          Conj/Fire      #####...     4%          4    ##.....
f - Fireball              Conj/Fire      #####.....   12%         5    ####...
g - Mephitic Cloud        Conj/Pois/Air  ###.....     9%          3    None


Dungeon Overview and Level Annotations

Branches:
Dungeon (1/1)

Altars:
Elyvilon
Kikubaaqudgha
Sif Muna
Vehumet
Zin
The Shining One


Innate Abilities, Weirdness & Mutations

You have a pair of small horns on your head.
You are partially covered in yellow scales. (AC +2)
You are agile. (Dex +2)


Message History

Unknown command.
Casting: Sticky Flame
Confirm with . or Enter, or press ? or * to list all spells.
Aiming: Sticky Flame
Press: ? - help, Shift-Dir - straight line, f - deep elf mage
Aim: a deep elf mage, wielding a long sword of holy wrath (moderately wounded)
The sticky flame hits the deep elf mage.
The deep elf mage is heavily wounded.
The deep elf mage is covered in liquid flames!
The deep elf mage burns!
The deep elf mage gestures wildly while chanting.
The deep elf mage conjures a globe of magical energy!
A battlesphere comes into view.
The deep elf mage burns!
The deep elf mage gestures at you while chanting.
The orb of energy hits you!
Ouch! That really hurt!
* * * LOW HITPOINT WARNING * * *
The battlesphere fires!
The barrage of energy hits you!
You die...

▓▓▓▓▓▓ ▓▓▓ .+...♣♣♣♣
♣.##### .#......♣
♣♣.#*__# ##.....♣♣
♣..#e..# .#....≈.♣
♣..###@#+###+ ÷#...≈≈♣♣
♣..#..........
[#..≈≈≈≈♣♣♣..'.⌠........
'#..≈≈≈≈≈≈...#...######+
.#.≈≈≈≈≈≈....#.⌠.#
.#.≈≈≈≈≈.....#...#
.#.≈≈≈.......#+###
##...........#.).#
.............#___#


You could see a deep elf mage (burning) and a battlesphere.

Vanquished Creatures
  A water elemental (D)
  A scorpion (D)
  A wizard (D)
  Jessica (D)
  A human (D)
  A kobold demonologist (D)
  An ooze (D)
  2 rats (D)
9 creatures vanquished.

Vanquished Creatures (others)
  2 draconian scorchers (D)
  6 hellions (D)
  2 yaktaurs (D)
  3 plants (D)
13 creatures vanquished.

Grand Total: 22 creatures vanquished

Notes
Turn   | Place    | Note
-------+----------+-------------------------------------------
     0 | D        | Kidiri the Deep Elf Fire Elementalist began the quest for the Orb.
     0 | D        | Reached XP level 1. HP: 10/10 MP: 6/6
     4 | D        | Reached skill level 4 in Spellcasting
    45 | D        | Noticed Jessica
    77 | D        | Killed Jessica
    77 | D        | Reached skill level 6 in Spellcasting
    77 | D        | Reached XP level 2. HP: 15/15 MP: 5/11
    77 | D        | Reached XP level 3. HP: 19/19 MP: 5/13
    81 | D        | Learned a level 2 spell: Throw Flame
    85 | D        | Learned a level 3 spell: Conjure Flame
    89 | D        | Learned a level 3 spell: Inner Flame
   130 | D        | Killed a white draconian scorcher
   145 | D        | Killed a hellion
   146 | D        | Killed a hellion
   147 | D        | Killed a hellion
   148 | D        | Killed a hellion
   148 | D        | Killed a yaktaur
   164 | D        | Reached skill level 7 in Spellcasting
   164 | D        | Reached skill level 5 in Fire Magic
   193 | D        | Killed a white draconian scorcher
   200 | D        | Killed a yaktaur
   268 | D        | Killed a hellion
   270 | D        | Killed a hellion
   306 | D        | Noticed a scorpion
   315 | D        | Killed a scorpion
   315 | D        | Reached skill level 8 in Spellcasting
   315 | D        | Reached XP level 4. HP: 24/24 MP: 6/16
   321 | D        | Learned a level 4 spell: Sticky Flame
   342 | D        | Gained mutation: You tend to lose your temper in combat. [potion of mutation]
   342 | D        | Gained mutation: You have sharp toenails. [potion of mutation]
   342 | D        | Gained mutation: Your spells are a little harder to cast, but a little more powerful. [potion of mutation]
   343 | D        | Lost mutation: You tend to lose your temper in combat. [potion of mutation]
   343 | D        | Lost mutation: You have sharp toenails. [potion of mutation]
   343 | D        | Lost mutation: Your spells are a little harder to cast, but a little more powerful. [potion of mutation]
   343 | D        | Gained mutation: Your movements are slightly less encumbered by armour. (ER -2) [potion of mutation]
   343 | D        | Gained mutation: You are somewhat resistant to further mutation. [potion of mutation]
   344 | D        | Lost mutation: Your movements are slightly less encumbered by armour. (ER -2) [potion of mutation]
   344 | D        | Lost mutation: You are somewhat resistant to further mutation. [potion of mutation]
   344 | D        | Gained mutation: Your muscles are strong. (Str +2) [potion of mutation]
   344 | D        | Gained mutation: You tend to lose your temper in combat. [potion of mutation]
   344 | D        | Gained mutation: You are somewhat resistant to further mutation. [potion of mutation]
   345 | D        | Lost mutation: Your muscles are strong. (Str +2) [potion of mutation]
   345 | D        | Lost mutation: You are somewhat resistant to further mutation. [potion of mutation]
   345 | D        | Lost mutation: You tend to lose your temper in combat. [potion of mutation]
   345 | D        | Gained mutation: Your flesh is heat resistant. (rF+) [potion of mutation]
   345 | D        | Gained mutation: Armour fits poorly on your strangely shaped body. [potion of mutation]
   345 | D        | Gained mutation: You are surrounded by a mild repulsion field. (EV +2) [potion of mutation]
   346 | D        | Lost mutation: Armour fits poorly on your strangely shaped body. [potion of mutation]
   346 | D        | Lost mutation: Your flesh is heat resistant. (rF+) [potion of mutation]
   346 | D        | Lost mutation: You are surrounded by a mild repulsion field. (EV +2) [potion of mutation]
   346 | D        | Gained mutation: You have a pair of small horns on your head. [potion of mutation]
   346 | D        | Gained mutation: You are agile. (Dex +2) [potion of mutation]
   346 | D        | Gained mutation: You are partially covered in yellow scales. (AC +2) [potion of mutation]
   369 | D        | Noticed a water elemental
   373 | D        | Killed a water elemental
   373 | D        | Reached skill level 10 in Spellcasting
   373 | D        | Reached skill level 5 in Conjurations
   373 | D        | Reached XP level 5. HP: 28/28 MP: 10/19
   385 | D        | Learned a level 5 spell: Fireball
   430 | D        | Found a radiant altar of Vehumet.
   431 | D        | Found a deep blue altar of Sif Muna.
   431 | D        | Found an ancient bone altar of Kikubaaqudgha.
   433 | D        | Reached skill level 1 in Short Blades
   434 | D        | Reached skill level 1 in Fighting
   434 | D        | Reached skill level 1 in Armour
   436 | D        | Became a worshipper of Vehumet
   451 | D        | Learned a level 3 spell: Mephitic Cloud
   482 | D        | Found a glowing silver altar of Zin.
   483 | D        | Found a glowing golden altar of the Shining One.
   483 | D        | Found a white marble altar of Elyvilon.
   483 | D        | Noticed a deep elf mage
   487 | D        | Killed from afar by a battlesphere

Vault maps used:
D:        dungeon_sprint_mu

Skill      XL: |  1  2  3  4  5 |
---------------+----------------+-----
Spellcasting   | 6 8 10 | 10.6
Conjurations   | 3 4 5 |  5.9
Fire Magic     | 4 5 6 |  6.8
Short Blades   | 1 |  1.2
Fighting       | 1 |  1.0
Armour         | 1 |  1.0
Dodging        | 3 |  3.1
Stealth        | |  2.4

Action                   |  1- 3 |  4- 6 || total
-------------------------+-------+-------++-------
Melee: Dagger            |       |     1 ||     1
 Cast: Flame Tongue      |    19 |     3 ||    22
       Throw Flame       |     2 |       ||     2
       Conjure Flame     |       |     1 ||     1
       Sticky Flame      |       |     3 ||     3
  Use: Potion            |       |     5 ||     5
       Scroll            |       |     2 ||     2
 Stab: Sleeping          |       |     1 ||     1
Dodge: Dodged            |     3 |     1 ||     4

Table legend:
 A = Spawn XP
 B = Non-spawn XP
 C = Spawn XP percentage of total XP
 D = Spawn monster count
 E = Non-spawn monster count
 F = Spawn count percentage of total count
 G = Total turns spent on level
                    A         B        C        D         E        F      G
               +---------+---------+-------+---------+---------+-------+---------
         Total |       0 |     292 |   0.0 |       0 |       9 |   0.0 |   487
               +---------+---------+-------+---------+---------+-------+---------
             D |       0 |     292 |   0.0 |       0 |       9 |   0.0 |   487
               +---------+---------+-------+---------+---------+-------+---------
